 Dungeon Crawl Stone Soup version 0.30.0-5-g1a98f26d00 (webtiles) character file.

Game seed: 16835167590396873832

340 Jase the Cleaver (level 6, -2/76 HPs)
             Began as a Hill Orc Fighter on May 9, 2023.
             Slain by a killer bee (4 damage)
             ... on level 6 of the Dungeon.
             The game lasted 00:03:33 (2341 turns).

Jase the Cleaver (Hill Orc Fighter)                 Turns: 2341, Time: 00:03:35

Health: -2/76      AC: 23    Str: 21    XL:     6   Next: 56%
Magic:  6/6        EV:  2    Int:  8    God:
Gold:   172        SH:  4    Dex: 10    Spells: 5/5 levels left

rFire   . . .        a - +0 war axe
rCold   . . .        c - +0 buckler
rNeg    . . .        b - melded +0 scale mail
rPois   +            (helmet currently unavailable)
rElec   .            (cloak currently unavailable)
rCorr   .            p - melded +0 pair of gloves
SInv    .            (boots currently unavailable)
Will    +....        (no amulet)
Stlth   +            v - ring of willpower
HPRegen 0.32/turn    r - ring of flight
MPRegen 0.10/turn

%: no passive effects
@: lethally poisoned (-2 -> -3), tree-form (expiring)
A: stationary, stasis, torment immunity, boosted hp
a: no special abilities


You were on level 6 of the Dungeon.
You were a tree.
You visited 1 branch of the dungeon, and saw 4 of its levels.

You collected 172 gold pieces.

Inventory:

Hand Weapons
 a - a +0 war axe (weapon)
Missiles
 q - a throwing net (quivered)
Armour
 b - a +0 scale mail (melded)
 c - a +0 buckler (worn)
 p - a +0 pair of gloves (melded)
Jewellery
 r - a ring of flight (right branch)
 v - a ring of willpower (left branch)
Scrolls
 e - 6 scrolls of identify {unknown}
 f - a scroll of noise {unknown}
 g - 3 scrolls of teleportation {unknown}
 h - a scroll of vulnerability {unknown}
 i - a scroll of immolation {unknown}
 k - a scroll of torment {unknown}
 o - a scroll of enchant armour {unknown}
 t - a scroll of poison {unknown}
 u - a scroll of enchant weapon {unknown}
Potions
 d - 2 potions of might
 m - a potion of attraction {unknown}
 n - a potion of haste {unknown}
 s - a potion of mutation {unknown}
 w - a potion of magic {unknown}


   Skills:
 - Level 3.6 Fighting
 * Level 8.9 Axes
 - Level 3.2 Armour
 - Level 3.2 Shields


You had 5 spell levels left.
You didn't know any spells.
Your spell library contained the following spells:

 Spells                   Type           Power      Damage    Failure   Level
 Magic Dart               Conj           0%         1d3       47%         1
 Call Imp                 Summ           0%         N/A       63%         2
 Mephitic Cloud           Conj/Pois/Air  0%         N/A       85%         3


Dungeon Overview and Level Annotations

Branches:
Dungeon (3/15)

Altars:
Cheibriados
Gozag

Shops:
D:2 =


Message History

The killer bee is heavily wounded.
The killer bee stings you but does no damage. x2
You hit the killer bee.
The killer bee is almost dead.
The killer bee stings you but does no damage.
The killer bee barely misses you.
You barely miss the killer bee.
The killer bee is almost dead.
You block the killer bee's attack. The killer bee stings you.
* * * LOW HITPOINT WARNING * * *
You are poisoned.
The killer bee poisons you!
You barely miss the killer bee.
The killer bee is almost dead.
You feel very sick.
The killer bee stings you but does no damage.
You block the killer bee's attack.
You closely miss the killer bee.
The killer bee is almost dead.
You feel sick.
The killer bee stings you but does no damage.
The killer bee stings you!
* * * LOW HITPOINT WARNING * * *
You barely miss the killer bee.
The killer bee is almost dead.
You feel sick.
The killer bee stings you but does no damage. x3
You hit the killer bee.
The killer bee is almost dead.
You feel sick.
The killer bee stings you but does no damage.
The killer bee stings you.
* * * LOW HITPOINT WARNING * * *
You barely miss the killer bee.
The killer bee is almost dead.
Your transformation is almost over.
You feel sick. The killer bee stings you.
* * * LOW HITPOINT WARNING * * *
The killer bee stings you.
You die...

#...# #...g.... #...#
......... ....#
#........ #...# #
#......g. #...##### #.
#...y.y..
........#####.##........
.....# ≈≈≈≈≈≈≈≈.?..y...
#.##.# ≈......y#######.
#.##.# ≈.######♣.....#
.#.#.###≈.#.....≈≈≈≈≈.#
###.....≈.#.≈≈≈≈....≈.#
# ##.###≈.#.≈...###.≈.#
###..# #.≈.##._#.≈.#
.#.#.# #.≈.#...#.≈.#
.....# ≈.#.≈...≈.#.≈.#
#.##..##.≈.#.≈_.≈≈.#.≈.#
#.###....≈ #.≈≈≈...#.≈.#


You could see a killer bee.

Vanquished Creatures
  A centaur (D:6)
  3 killer bees (D:6)
  5 gnolls
  3 adders (D:2)
  7 orcs (D:3)
  5 bats
  4 endoplasms
  2 giant cockroaches (D:1)
  3 goblins (D:1)
  5 hobgoblins
  5 ball pythons
  7 frilled lizards
  9 rats
59 creatures vanquished.

Notes
Turn   | Place    | Note
-------+----------+-------------------------------------------
     0 | D:1      | Jase the Hill Orc Fighter began the quest for the Orb.
     0 | D:1      | Reached XP level 1. HP: 19/19 MP: 1/1
    51 | D:1      | Reached skill level 3 in Axes
   185 | D:1      | Found a faded altar of an unknown god.
   190 | D:1      | Reached XP level 2. HP: 26/26 MP: 2/2
   234 | D:1      | Reached skill level 4 in Axes
   548 | D:1      | Reached XP level 3. HP: 29/31 MP: 3/3
  1216 | D:2      | Reached skill level 5 in Axes
  1373 | D:2      | Reached XP level 4. HP: 16/39 MP: 4/4
  1378 | D:2      | Reached skill level 6 in Axes
  1515 | D:2      | Found Riedditt's Jewellery Shop.
  2065 | D:3      | Reached XP level 5. HP: 32/45 MP: 5/5
  2182 | D:3      | You are sucked into a shaft and drop 3 floors!
  2272 | D:6      | Found an opulent altar of Gozag.
  2275 | D:6      | Found a snail-covered altar of Cheibriados.
  2286 | D:6      | Noticed a centaur
  2293 | D:6      | Killed a centaur
  2294 | D:6      | Reached skill level 7 in Axes
  2318 | D:6      | Reached skill level 8 in Axes
  2318 | D:6      | Reached XP level 6. HP: 29/51 MP: 6/6
  2341 | D:6      | HP: 3/76 [poisoned by a killer bee]
  2341 | D:6      | Slain by a killer bee

Illustrated notes

Levels and vault maps discovered:
D:1:      minmay_arrival_jagged, layout_loops_ring,
          shapermc_ecumenical_altar_mp_ritualfount
D:2:      layout_basic, serial_shops, nicolae_shop_peninsula
D:3:      layout_basic
D:6:      layout_loops_ring, nicolae_overflow_squiral, uniq_pikel

Skill      XL: |  1  2  3  4  5 |
---------------+----------------+-----
Axes           | 3 4 5 6 8 |  8.9
Fighting       | |  3.6
Armour         | |  3.2
Shields        | |  3.2

Action                     |  1- 3 |  4- 6 || total
---------------------------+-------+-------++-------
  Melee: War axe           |    93 |   103 ||   196
    Use: Potion            |       |     2 ||     2
 Armour: Scale mail        |    39 |    33 ||    72
         Skin              |       |    45 ||    45
  Dodge: Dodged            |    46 |    36 ||    82
  Block: Buckler           |    20 |    23 ||    43
